Map: Eindringling LE

Players

Panda

  • Race: Zerg Zerg
  • League: Diamond
  • Spawn Location: 11:00

Kairos - Winner!

  • Race: Zerg Zerg
  • League: Master
  • Spawn Location: 5:00

VOD

Have the link to the VOD?

Description

Time

  • Played on: Sept. 9, 2017, 8:03 p.m.
  • Length: 4:55
Show
View Real Time Build Order
Export as new Build Order

Panda Zerg 

Build Orders: Pool Only, Zergling Baneling 

Get SALT Encoding   

  12  0:00  Drone  
  13  0:20  Extractor  
  12  0:26  Spawning Pool  
  12  0:27  Drone  
  12  0:33  Drone  
  13  0:37  Drone  
  14  0:47  Overlord  
  14  1:12  Zergling x6  
  14  1:15  Queen  
  19  1:23  Zergling x2  
  20  1:28  Metabolic Boost  
  20  1:34  Zergling x2  
  21  1:49  Baneling Nest  
  21  1:53  Overlord  
  20  1:59  Zergling x2  
  21  2:14  Zergling x2  
  22  2:18  Zergling x2  
  23  2:24  Zergling x2  
  23  2:25  Zergling x4  
  26  2:31  Zergling x2  
  27  2:43  Baneling x3  
  27  2:44  Baneling  
  27  2:45  Zergling x2  
  28  2:57  Zergling x4  
  27  3:12  Zergling x6  
  26  3:19  Baneling x4  
  26  3:29  Zergling x2  
  27  3:44  Zergling x2  
  20  3:57  Baneling x3  
  20  3:58  Zergling x8  
  23  4:15  Zergling x4  
  23  4:19  Baneling x2  
  23  4:25  Zergling x6  
Show
View Real Time Build Order
Export as new Build Order

Kairos Zerg - Winner!

Build Orders: Hatch First 

Get SALT Encoding   

  12  0:02  Drone  
  13  0:20  Drone  
  14  0:22  Overlord  
  14  0:43  Drone x3  
  17  0:59  Hatchery  
  16  1:09  Spawning Pool  
  15  1:13  Drone  
  15  1:14  Drone  
  15  1:18  Drone  
  18  1:25  Extractor  
  17  1:29  Drone  
  18  1:41  Drone  
  19  1:49  Overlord  
  19  1:58  Queen  
  21  2:01  Drone  
  22  2:14  Zergling x4  
  26  2:19  Spine Crawler  
  25  2:25  Baneling Nest, Zergling x2  
  25  2:26  Zergling x2  
  24  2:38  Queen  
  24  2:45  Metabolic Boost  
  24  2:47  Zergling x2  
  24  2:48  Zergling x6  
  28  2:55  Evolution Chamber  
  27  3:07  Evolution Chamber  
  18  3:14  Baneling x2  
  18  3:20  Evolution Chamber  
  18  3:23  Baneling  
  18  3:25  Zergling x2  
  18  3:26  Zergling x4  
  20  3:47  Baneling  
  20  3:48  Baneling  
  17  3:56  Queen  
  17  3:57  Zergling x2  
  17  3:58  Zergling x2  
  21  4:04  Zergling x2  
  22  4:15  Zergling x2  
  21  4:18  Drone  
  22  4:28  Drone  
  23  4:35  Baneling  
Tags
 
Matchup
ZvZ
Race
Zerg
Replay Pack
replays1
Spawn Locations
Cross Positions
Add a new tag
Caveats
  • Supply blocks, unpowered buildings, or Contaminate may cause inaccurate times.
  • Supply counts are checked every 10 seconds.